 Dungeon Crawl Stone Soup version 0.29-a0-234-g0dae59b3db (webtiles) character file.

Game seed: 2169014599033752279

3185 spaghetti the Archer (level 9, -1/62 HPs)
             Began as a Demonspawn Hunter on Mar 2, 2022.
             Was an Initiate of Cheibriados.
             Slain by a two-headed ogre
             ... wielding a +0 giant club
              (2 damage)
             ... on level 9 of the Dungeon.
             The game lasted 00:16:04 (10154 turns).

spaghetti the Archer (Demonspawn Hunter)           Turns: 10154, Time: 00:16:04

Health: -1/62      AC: 19    Str: 11 (13) XL:     9   Next: 64%
Magic:  18/18      EV:  5    Int: 16 (19) God:    Cheibriados [......]
Gold:   384        SH:  0    Dex: 13 (14) Spells: 15/20 levels left

rFire   . . .      SeeInvis +   b - +0 whip {mace}
rCold   . . .      Faith    .   (no shield)
rNeg    . . .      Spirit   .   v - +4 chain mail "Goimeheps" {rPois}
rPois   +          Reflect  .   (no helmet)
rElec   .          Harm     .   A - scarf {repulsion}
rCorr   .          Rampage  .   y - +0 pair of gloves
Will    .....                   z - +0 pair of boots
Stlth   ..........              q - amulet of magic regeneration {@e2}
HPRegen 0.20/turn               p - +4 ring of protection
MPRegen 0.56/turn               L - ring of see invisible

@: mighty, hasted and slowed, repel missiles, very slow
A: hooves 1, rugged brown scales 1, ignite blood 1, spiny 1
a: Renounce Religion


You were on level 9 of the Dungeon.
You worshipped Cheibriados.
Cheibriados was noncommittal.
You visited 2 branches of the dungeon, and saw 10 of its levels.

You collected 384 gold pieces.


Innate Abilities, Weirdness & Mutations

You have large cloven feet.
You are partially covered in rugged brown scales. (AC +1, +3% HP)
Your demonic aura sometimes causes spilled blood to erupt in flames.
You are partially covered in sharp spines.


   Skills:
 - Level 2.0 Fighting
 + Level 9.1 Bows
 - Level 1.7 Dodging
 - Level 0.8 Stealth
 - Level 6.0 Spellcasting
 - Level 5.0 Hexes
 - Level 5.0 Translocations


You had 15 spell levels left.
You knew the following spells:

 Your Spells              Type           Power      Damage    Failure   Level
a - Portal Projectile     Hex/Tloc       40%        N/A       97%         3
b - Blink                 Tloc           40%        N/A       86%         2

Your spell library contained the following spells:

 Spells                   Type           Power      Damage    Failure   Level
 Lesser Beckoning         Tloc           20%        N/A       97%         3
 Ensorcelled Hibernation  Hex/Ice        24%        N/A       99%         2
 Freeze                   Ice            16%        1d4       100%        1
 Magic Dart               Conj           16%        1d3       100%        1
 Call Imp                 Summ           4%         N/A       100%        2
 Frozen Ramparts          Ice            8%         1d2       100%        3
 Mephitic Cloud           Conj/Pois/Air  4%         N/A       100%        3
 Spider Form              Tmut/Pois      4%         N/A       100%        3
 Airstrike                Air            2%         N/A       100%        4
 Anguish                  Hex/Necr       6%         N/A       100%        4
 Hailstorm                Conj/Ice       4%         3d4       100%        4
 Summon Lightning Spire   Summ/Air       4%         N/A       100%        4
 Blade Hands              Tmut           2%         N/A       100%        5
 Excruciating Wounds      Necr           2%         N/A       100%        5
 Lightning Bolt           Conj/Air       2%         1d13      100%        5
 Manifold Assault         Tloc           20%        N/A       100%        5

Inventory:

Hand Weapons
 a - a +2 shortbow of chaos {bow}
 b - a +0 whip (weapon) {mace}
   (You found it on level 3 of the Dungeon)
 i - a +1 vampiric short sword {short}
   (You took it off an orc on level 5 of the Dungeon)
 j - a +2 hunting sling of freezing {sling}
   (You found it on level 2 of the Dungeon)
 x - a +0 dagger {short}
   (You took it off Ijyb on level 3 of the Dungeon)
Missiles
 e - 322 stones {throwing}
 k - 13 boomerangs {throwing}
 G - 6 poisoned darts {throwing}
Armour
 l - the +3 leather armour "Hipot" {+Blink rPois rF- Will-}
   (You found it on level 2 of the Dungeon)

   rF:        It makes you vulnerable to fire.
   rPois:     It protects you from poison.
   +Blink:    It lets you blink.
   Will:      It decreases your willpower.
 v - the +4 chain mail "Goimeheps" (worn) {rPois}
   (You found it on level 3 of the Dungeon)

   rPois:     It protects you from poison.
 w - a +1 leather armour
 y - a +0 pair of gloves (worn)
   (You found it on level 2 of the Dungeon)
 z - a +0 pair of boots (worn)
   (You found it on level 1 of the Dungeon)
 A - a scarf of repulsion (worn)
   (You found it on level 1 of the Dungeon)
 B - a +0 plate armour
   (You found it on level 5 of the Dungeon)
Magical Staves
 C - a staff of fire {!astaff}
   (You found it on level 4 of the Dungeon)
Jewellery
 m - a ring of willpower
   (You found it on level 2 of the Dungeon)
 p - a +4 ring of protection (left hand)
   (You found it on level 3 of the Dungeon)
 q - an amulet of magic regeneration (around neck) {@e2}
   (You found it on level 3 of the Dungeon)
 L - a ring of see invisible (right hand)
   (You found it on level 7 of the Dungeon)
Wands
 u - a wand of polymorph (11)
   (You took it off Ijyb on level 3 of the Dungeon)
 E - a wand of iceblast (5)
   (You found it on level 4 of the Dungeon)
Scrolls
 f - 3 scrolls of enchant armour
 o - a scroll of torment {!r}
 D - a scroll of brand weapon
 H - a scroll of amnesia
Potions
 c - a potion of curing {@q1}
 d - a potion of resistance
 g - 2 potions of cancellation
 h - a potion of flight
 n - 2 potions of haste {forbidden@q3}
 r - a potion of ambrosia
 t - a potion of might
 F - 2 potions of heal wounds {unknown}
 I - a potion of attraction {unknown}
 J - a potion of brilliance {unknown}
 N - a potion of mutation {unknown}

Dungeon Overview and Level Annotations

Branches:
Dungeon (9/15)             Temple (1/1) D:7
   Lair: D:8-11         Orc: D:9-12

Altars:
Ashenzari
Cheibriados
Dithmenos
Elyvilon
Fedhas
Gozag
Hepliaklqana
Makhleb
Nemelex Xobeh
Okawaru
Qazlal
Ru
Sif Muna
Trog
Uskayaw
Vehumet
Wu Jian
Xom
Zin
The Shining One

Shops:
D:4 *

Annotations:
D:7 exclusions: 3 electric eels and 3 more exclusions

..... ... ... >.. #.#
#.# ####### #O# #.....#
######@#####.....##.
.o....oยงยฐoยง..........
o#########ยง#########.
#.# ## #o#..# #KK..#
#V#### ..o ##.#.


You could see a two-headed ogre (inner flame), an orc warrior (inner flame), 2
orc wizards and an orc (inner flame).


Message History

Your hp is fully restored (62).
You bump into the metal wall.
The kobold demonologist looks braver for a moment.
The wraith is struck by your spines. The wraith hits you but does no damage.
You bump into the metal wall.
You're too confused to move!
The wraith hits you. The wraith drains your vigour!
You feel yourself slow down. ๐Ÿ˜• HP[-2]
You take 2 damage, and now have 60/62 hp.
Unknown command.
Unknown command.
Unknown command.
You are too confused!
Unknown command.
Okay, then.
You are too confused!
It was a potion of degeneration.
There was something very wrong with that liquid.
You feel weakened.
You feel dopey.
You feel clumsy. The wraith is struck by your spines.
The wraith barely misses you. ๐Ÿ˜Ž HP[+2]
Your hp is fully restored (62).
Unknown command.
It was a potion of might.
You feel very mighty all of a sudden. The wraith hits you but does no damage.
You barely miss the wraith. The wraith barely misses you.
The kobold demonologist casts a spell.
You're too confused to move!
The wraith is struck by your spines. The wraith hits you!
The wraith drains your vigour!
You feel as though you will be slow longer. ๐Ÿ˜• HP[-7]
You take 7 damage, and now have 55/62 hp.
You're too confused to attack without stumbling around!
You're too confused to attack without stumbling around!
You're too confused to attack without stumbling around!
You feel less invigorated.
You feel less confused. ๐Ÿ˜• HP[+5]
You regained 5 hp, and now have 60/62 hp.
You closely miss the wraith. The wraith barely misses you. The wraith hits you!
The wraith drains your vigour!
You feel as though you will be slow longer.
The kobold demonologist gestures wildly while chanting.
The wraith is struck by your spines.
The wraith barely misses you. ๐Ÿ˜• HP[-8]
You take 8 damage, and now have 52/62 hp.
You hit the wraith.
An orc wizard comes into view. It is wielding a +0 dagger.
The wraith hits you but does no damage. ๐Ÿ˜• HP[+1]
A two-headed ogre comes into view. It is wielding two +0 giant clubs.
Found a stone staircase leading down.
The orc wizard shouts!
You hear a shout!
You hear an angry hiss.
The orc wizard points at you and mumbles some strange words.
You easily resist.
The two-headed ogre moves out of view.
You hear a shout!
You hear a shout!
You hear an angry hiss.
You hear an angry buzzing noise.
An orc comes into view. It is wielding a +0 club.
Okay, then.
Really read
K - a scroll of immolation {!r!r}?
Really read the scroll of immolation?
As you read the scroll of immolation {!r!r}, it crumbles to dust.
The creatures around you are filled with an inner flame!
The orc shouts!
The wraith barely misses you.
An orc wizard comes into view. It is wielding a +0 dagger.
Unknown command.
Okay, then.
You hit the wraith.
Flame seeps out of the wraith.
The wraith is engulfed in blazing flames.
Flame seeps out of the wraith.
The wraith hits you but does no damage. The orc wizard casts a spell at you.
The magic dart hits you.
You closely miss the wraith.
The orc wizard gestures wildly while chanting.
The orc wizard flickers and vanishes for a moment.
The wraith is engulfed in blazing flames.
The wraith explodes!
The fiery explosion engulfs you!!!
Ouch! That really hurt!
* * * LOW HITPOINT WARNING * * *
The fiery explosion engulfs the killer bee!!
Cheibriados thoroughly appreciates the change of pace.
The killer bee explodes!
The fiery explosion engulfs the orc warrior!!
Flame seeps out of the orc warrior.
The fiery explosion engulfs the kobold demonologist!!
The kobold demonologist is engulfed in blazing flames.
You kill the kobold demonologist!
The orc warrior is engulfed in blazing flames.
Flame seeps out of the orc warrior.
The two-headed ogre is struck by your spines.
Flame seeps out of the two-headed ogre.
The two-headed ogre hits you with a +0 giant club!
* * * LOW HITPOINT WARNING * * *
The two-headed ogre hits you with a +0 giant club.
You die...

Skill      XL: |  1  2  3  4  5  6  7  8  9 |
---------------+----------------------------+-----
Bows           | 4 5 6 7 9 |  9.1
Spellcasting   | 1 3 4 5 6 |  6.0
Hexes          | 1 3 4 5 |  5.0
Translocations | 1 2 4 5 |  5.0
Fighting       | |  2.0
Dodging        | |  1.7
Stealth        | |  0.8

Action                   |  1- 3 |  4- 6 |  7- 9 || total
-------------------------+-------+-------+-------++-------
Melee: Unarmed           |    14 |    37 |       ||    51
       Kick              |     1 |     4 |       ||     5
       Whip              |       |     2 |     8 ||    10
 Fire: Shortbow          |    90 |    78 |   262 ||   430
  Use: Scroll            |     5 |     5 |    12 ||    22
       Potion            |     1 |     3 |     4 ||     8
Armor: Leather armour    |    13 |     7 |       ||    20
       Skin              |       |     7 |       ||     7
       Chain mail        |       |     6 |   139 ||   145
Dodge: Dodged            |    28 |    20 |    61 ||   109
       Repelled          |       |       |     3 ||     3

Levels and vault maps discovered:
D:1:      erik_arrival_blinker_ship, layout_basic
D:2:      layout_basic
D:3:      layout_rooms, hellmonk_ecumenical_altar_inner_sanctum,
          minmay_tree_intersection, hex_tiny, nicolae_grassy_gnolls, uniq_ijyb,
          uniq_sigmund, uniq_terence
D:4:      layout_rooms, lemuel_coloured_pillars_altar, serial_shops, shop,
          nrook_mini_vaults, minmay_statues_item, grunt_ministairs_8,
          st_stairs_9, grunt_decor_junction, uniq_menkaure
D:5:      layout_cave_pools, serial_column_ruins, column_ruins_square_medium,
          column_ruins_grid_1, column_ruins_grid_1, column_ruins_open_small,
          column_ruins_open_tiny, column_ruins_grid_1, column_ruins_grid_1,
          gup_sewer_entry_bubbles, uniq_duvessa, uniq_blork_the_orc
D:6:      layout_basic, nicolae_ru_great_annihilating_truth
D:7:      layout_basic, temple_hall, serial_bayou, serial_bayou_lake_a,
          serial_bayou_pond_e, serial_bayou_shore_a, serial_bayou_pond_e,
          serial_bayou_pond_c, serial_bayou_crossing, nrook_mini_backslash
D:8:      layout_loops_corners, mainiacjoe_overflow_six_doors_small, tso_altar,
          onia_ninara_dug_in_and_dangerous
D:9:      minmay_the_grid_3x3 [minmay_the_grid_tri_star, minmay_the_grid_rooms,
          minmay_the_grid_tiny_cups, minmay_the_grid_armoury,
          minmay_the_grid_pillar_ring, minmay_the_grid_eight,
          minmay_the_grid_tree, minmay_the_grid_mess,
          minmay_the_grid_prize_diamond_cup], layout_loops_cross,
          mainiacjoe_overflow_alcove_4, uniq_erica
Temple:   lightli_temple_of_artemis

Notes
Turn   | Place    | Note
-------+----------+-------------------------------------------
     0 | D:1      | spaghetti the Demonspawn Hunter began the quest for the
                  | Orb.
     0 | D:1      | Reached XP level 1. HP: 16/16 MP: 1/1
     0 | D:1      | magus.rc [v1.9.6]
   285 | D:1      | Reached skill level 4 in Bows
   682 | D:2      | Gained mutation: Your demonic aura sometimes causes spilled
                  | blood to erupt in flames. [demonic ancestry]
   682 | D:2      | Reached XP level 2. HP: 22/22 MP: 2/2
   743 | D:2      | Identified the +3 leather armour "Hipot" {+Blink rPois rF-
                  | Will-}
   906 | D:2      | You pick up a book of Weapons and begin reading...
   906 | D:2      | You add the spells Portal Projectile, Excruciating Wounds
                  | and Blade Hands to your library.
   976 | D:2      | Gained mutation: You have large cloven feet. [demonic
                  | ancestry]
   976 | D:2      | Reached XP level 3. HP: 27/27 MP: 3/3
  1144 | D:2      | HP: 6/27 [adder (1)]
  1146 | D:2      | Reached skill level 1 in Spellcasting
  2134 | D:3      | Noticed Sigmund
  2138 | D:3      | Noticed Terence
  2197 | D:3      | Killed Terence
  2198 | D:3      | Reached XP level 4. HP: 33/33 MP: 6/6
  2224 | D:3      | Killed Sigmund
  2225 | D:3      | Reached skill level 5 in Bows
  2225 | D:3      | Reached skill level 3 in Spellcasting
  2225 | D:3      | Gained mutation: You are partially covered in sharp spines.
                  | [demonic ancestry]
  2225 | D:3      | Reached XP level 5. HP: 32/38 MP: 6/9
  2725 | D:3      | Reached XP level 6. HP: 44/44 MP: 10/10
  2930 | D:3      | Found a faded altar of an unknown god.
  3000 | D:3      | Noticed Ijyb
  3024 | D:3      | Killed Ijyb
  3028 | D:3      | Identified the +4 chain mail "Goimeheps" {rPois}
  3352 | D:4      | Learned a level 3 spell: Portal Projectile
  3608 | D:4      | Found a hide-covered altar of Uskayaw.
  3629 | D:4      | You pick up a book of Dreams and begin reading...
  3629 | D:4      | You add the spells Ensorcelled Hibernation, Spider Form and
                  | Anguish to your library.
  3673 | D:4      | Noticed Menkaure
  3682 | D:4      | Killed Menkaure
  3683 | D:4      | Reached skill level 6 in Bows
  3683 | D:4      | Reached skill level 1 in Hexes
  3683 | D:4      | Reached skill level 1 in Translocations
  3843 | D:4      | Found Yliwagik's Assorted Antiques.
  3909 | D:4      | You fall into a shaft and drop 1 floor!
  3909 | D:5      | Entered Level 5 of the Dungeon
  3938 | D:5      | Reached XP level 7. HP: 29/50 MP: 12/12
  4088 | D:5      | Reached skill level 4 in Spellcasting
  4088 | D:5      | Reached skill level 2 in Hexes
  4116 | D:5      | Noticed Blork the orc
  4128 | D:5      | Killed Blork the orc
  4129 | D:5      | Reached skill level 2 in Translocations
  4221 | D:5      | You pick up a book of Spatial Translocations and begin
                  | reading...
  4221 | D:5      | You add the spells Blink, Lesser Beckoning and Manifold
                  | Assault to your library.
  4225 | D:5      | Learned a level 2 spell: Blink
  4786 | D:5      | Noticed Duvessa
  4786 | D:5      | Noticed Dowan
  4799 | D:5      | Killed Duvessa
  4800 | D:5      | Reached skill level 3 in Hexes
  4800 | D:5      | Gained mutation: You are partially covered in rugged brown
                  | scales. (AC +1, +3% HP) [demonic ancestry]
  4800 | D:5      | Reached XP level 8. HP: 50/57 MP: 14/14
  4817 | D:5      | Killed Dowan
  5382 | D:6      | Reached skill level 3 in Translocations
  5733 | D:6      | Reached skill level 5 in Spellcasting
  6081 | D:6      | Found a sacrificial altar of Ru.
  6099 | D:6      | Reached skill level 7 in Bows
  6146 | D:6      | Reached skill level 4 in Hexes
  6468 | D:7      | Reached skill level 4 in Translocations
  7641 | D:7      | Found a staircase to the Ecumenical Temple.
  7714 | Temple   | Entered the Ecumenical Temple
  7805 | Temple   | Became a worshipper of Cheibriados the Contemplative
  8190 | D:8      | Noticed an efreet
  8399 | D:8      | You pick up a book of Frost and begin reading...
  8399 | D:8      | You add the spells Freeze, Frozen Ramparts and Hailstorm to
                  | your library.
  8481 | D:8      | Was placed under penance by Cheibriados
  8481 | D:8      | Was forgiven by Cheibriados
  8647 | D:8      | Reached XP level 9. HP: 62/62 MP: 17/17
  8656 | D:8      | Reached skill level 6 in Spellcasting
  8713 | D:8      | You pick up a book of Minor Magic and begin reading...
  8713 | D:8      | You add the spells Magic Dart, Call Imp and Mephitic Cloud
                  | to your library.
  8741 | D:8      | Was placed under penance by Cheibriados
  8743 | D:8      | Was forgiven by Cheibriados
  8901 | D:8      | Noticed a two-headed ogre
  8905 | D:8      | Killed a two-headed ogre
  8906 | D:8      | Reached skill level 8 in Bows
  8906 | D:8      | Reached skill level 5 in Hexes
  9062 | D:8      | You pick up a book of Storms and begin reading...
  9062 | D:8      | You add the spells Airstrike, Summon Lightning Spire and
                  | Lightning Bolt to your library.
  9158 | D:8      | Found a shimmering altar of Xom.
  9217 | D:8      | Reached skill level 5 in Translocations
  9529 | D:9      | Noticed a troll
  9535 | D:9      | Killed a troll
  9785 | D:9      | Reached skill level 9 in Bows
  9908 | D:9      | Noticed a deep troll
 10134 | D:9      | Noticed a two-headed ogre
 10137 | D:9      | Noticed a kobold demonologist
 10150 | D:9      | Noticed a two-headed ogre
 10154 | D:9      | Killed a kobold demonologist
 10154 | D:9      | HP: 1/62 [two-headed ogre/+0 giant club (16)]
 10154 | D:9      | Slain by a two-headed ogre

Vanquished Creatures
  A kobold demonologist (D:9)
  A troll (D:9)
  A wraith (D:9)
  Sigmund (D:3)
  Menkaure (D:4)
  Duvessa (D:5)
  A water moccasin (D:6)
  A black bear (D:8)
  An ice beast (D:8)
  An orc warrior (D:7)
  2 centaurs (D:8)
  3 ogres
  Blork the orc (D:5)
  A bullfrog (D:7)
  A necrophage (D:6)
  2 scorpions (D:6)
  Dowan (D:5)
  2 killer bees (D:9)
  A howler monkey (D:7)
  2 hounds
  4 orc priests
  A gnoll shaman (D:8)
  A jelly (D:6)
  Ijyb (D:3)
  2 iguanas (D:6)
  7 orc wizards
  Terence (D:3)
  4 gnolls
  A river rat (D:5)
  7 adders
  2 white imps (D:6)
  4 ufetubi
  3 worms
  2 dart slugs
  27 orcs
  4 endoplasms
  6 giant cockroaches
  6 goblins
  7 hobgoblins
  3 jackals (D:2)
  4 kobolds
  7 quokkas
  4 ball pythons
  5 bats
  5 frilled lizards
  7 rats
151 creatures vanquished.

Vanquished Creatures (collateral kills)
  A two-headed ogre (D:8)
1 creature vanquished.

Vanquished Creatures (others)
  17 plants
17 creatures vanquished.

Grand Total: 169 creatures vanquished

Table legend:
 A = Non-vault XP
 B = Vault XP
 C = Vault XP percentage of total XP
 D = Non-vault monster count
 E = Vault monster count
 F = Vault count percentage of total count
                 A         B        C        D         E       F
            +---------+---------+-------+---------+---------+-------
      Total |    3861 |    1341 |  25.8 |     123 |      29 |  19.1
            +---------+---------+-------+---------+---------+-------
        D:1 |      10 |       0 |   0.0 |       6 |       0 |   0.0
        D:2 |      80 |      15 |  15.8 |      25 |       1 |   3.8
        D:3 |      25 |     327 |  92.9 |      15 |       6 |  28.6
        D:4 |     155 |     172 |  52.6 |       8 |       5 |  38.5
        D:5 |     427 |     342 |  44.5 |      18 |      11 |  37.9
        D:6 |     575 |      51 |   8.1 |      10 |       4 |  28.6
        D:7 |     363 |       0 |   0.0 |      11 |       0 |   0.0
        D:8 |    1557 |       0 |   0.0 |      25 |       0 |   0.0
        D:9 |     669 |     434 |  39.3 |       5 |       2 |  28.6
            +---------+---------+-------+---------+---------+-------

Illustrated notes

Table legend:
 A = Kills in this place as a percentage of kills in entire the game.
 B = Kills by you in this place as a percentage of kills by you in the entire game.
 C = Kills by friends in this place as a percentage of kills by friends in the entire game.
 D = Other kills in this place as a percentage of other kills in the entire game.
 E = Experience gained in this place as a percentage of experience gained in the entire game.
 F = Experience gained in this place divided by the number of levels of this place that you have seen.
                   A       B       C       D       E      F
               +-------+-------+-------+-------+-------+----------------------
         Total | 100.0 | 100.0 | 100.0 |   N/A | 100.0 | 520.2
       Dungeon | 100.0 | 100.0 | 100.0 |   N/A | 100.0 | 578.0
               +-------+-------+-------+-------+-------+----------------------

Table legend: (Time is in decaauts)
 A = Elapsed time spent in this place.
 B = Non-inter-level travel time spent in this place.
 C = Inter-level travel time spent in this place.
 D = Time resting spent in this place.
 E = Time spent auto-exploring this place.
 F = Levels seen in this place.
 G = Mean time per level.
                   A        B        C        D        E       F      G
               +--------+--------+--------+--------+--------+-----+--------+
         Total |  10767 |  10204 |    563 |   2547 |   6366 |  10 | 1076.7 |
       Dungeon |  10650 |  10113 |    537 |   2547 |   6291 |   9 | 1183.3 |
        Temple |    117 |     91 |     26 |      0 |     75 |   1 |  117.0 |
               +--------+--------+--------+--------+--------+-----+--------+

Top non-repeatable levels by time:
     D:8: 1956 daAuts
     D:2: 1789 daAuts
     D:6: 1493 daAuts
     D:7: 1251 daAuts
     D:5: 1150 daAuts
     D:4: 1023 daAuts
     D:3: 738 daAuts
     D:1: 710 daAuts
     D:9: 538 daAuts
  Temple: 117 daAuts
